 Dungeon Crawl Stone Soup version 0.18.1-50-g88ac8fd (webtiles) character file.

23921 parata the Severer (level 12, -1/110 HPs)
             Began as a Minotaur Berserker on Sept 14, 2016.
             Was a High Priest of Trog.
             Slain by a wolf spider (12 damage)
             ... on level 3 of the Lair of Beasts.
             The game lasted 01:07:45 (14037 turns).

parata the Severer (Minotaur Berserker)            Turns: 14037, Time: 01:07:49

Health: -1/110     AC: 17    Str: 26    XL:     12   Next: 76%
Magic:  11/11      EV: 10    Int:  4    God:    Trog [*****.]
Gold:   526        SH:  0    Dex: 14    Spells: 0 memorised, 11 levels left

rFire  . . .     SeeInvis .     n - +8 executioner's axe (elec)
rCold  . . .     Gourm    .     f - +1 crystal plate armour of the Known World {rN+}
rNeg   + . .     Faith    .     (shield currently unavailable)
rPois  +         Spirit   .     q - +2 hat
rElec  .         Dismiss  .     j - +1 cloak {rPois}
rCorr  .         Reflect  .     y - +0 pair of gloves
SustAt .         Harm     .     (no boots)
MR     ++...                    (no amulet)
Stlth  ..........               u - +3 ring of strength
                                k - ring of poison resistance

@: exhausted, corroded, regenerating, slowed, very slow, very resistant to
hostile enchantments, extremely unstealthy
A: retaliatory headbutt, horns 2, talons 1
a: Berserk, Trog's Hand, Brothers in Arms, Burn Spellbooks, Renounce Religion


You were on level 3 of the Lair of Beasts.
You worshipped Trog.
Trog was extremely pleased with you.
You were hungry.

You visited 3 branches of the dungeon, and saw 12 of its levels.

You collected 526 gold pieces.

Inventory:

Hand Weapons
 h - a +6 hand axe of venom
 n - a +8 executioner's axe of electrocution (weapon)
 F - a +2 battleaxe of electrocution
Missiles
 e - 179 stones (quivered)
 v - 7 javelins
Armour
 f - the +1 crystal plate armour of the Known World (worn) {rN+}
   (You acquired it on level 1 of the Lair of Beasts)

   It protects you from negative energy.
 j - a +1 cloak of poison resistance (worn)
 q - a +2 hat (worn)
 y - a +0 pair of gloves (worn)
Jewellery
 k - a ring of poison resistance (left hand)
 u - a +3 ring of strength (right hand)
 w - a +6 ring of intelligence
 D - an uncursed amulet of harm
Wands
 b - a wand of disintegration (9/24)
 i - a wand of slowing (15/48)
 m - a wand of iceblast (4/15)
Scrolls
 g - 2 scrolls of magic mapping
 p - 3 scrolls of teleportation
 x - a scroll of remove curse
 z - a scroll of enchant weapon
Potions
 d - 3 potions of heal wounds
 l - 3 potions of curing
 o - a potion of invisibility
 r - 2 potions of agility
 s - 4 potions of might
 t - 2 potions of lignification {unknown}
 B - 3 potions of flight
 E - 3 potions of haste
Miscellaneous
 A - a plain deck of escape
Comestibles
 a - 3 beef jerkies
 c - a bread ration
 C - 3 meat rations


   Skills:
 + Level 11.3 Fighting
 * Level 16.1 Axes
 + Level 12.9 Armour
 * Level 9.8 Dodging
 + Level 0.1 Evocations


You had 11 spell levels left.
You didn't know any spells.

Dungeon Overview and Level Annotations

Branches:
Dungeon (8/15)             Temple (0/1) D:4            Lair (3/8) D:8
 Spider (1/4) Lair:3
  Swamp: Lair:3-6    Shoals: Lair:3-6

Altars:
Dithmenos
Fedhas
Gozag
Makhleb
Pakellas
Sif Muna
Vehumet
Yredelemnul

Shops:
D:8 }


Innate Abilities, Weirdness & Mutations

You reflexively headbutt those who attack you in melee.
You have a pair of horns on your head.
You have sharp toenails.


Message History

Your skin crawls.
You feel resistant to hostile enchantments.
You feel slightly more hungry.
The wolf spider hits you but does no damage.
The wolf spider closely misses you.
The redback bites you but does no damage.
The wolf spider hits you.
* * * LOW HITPOINT WARNING * * *
The wolf spider bites you.
* * * LOW HITPOINT WARNING * * *
The redback bites you.
* * * LOW HITPOINT WARNING * * *
The wolf spider hits you.
* * * LOW HITPOINT WARNING * * *
The wolf spider bites you.
* * * LOW HITPOINT WARNING * * *
The redback bites you.
* * * LOW HITPOINT WARNING * * *
The wolf spider hits you!
You die...

##.....# #..##.## ###
##.##..# ### #.### #.##.##
#.####.##.
#..#.############........
#..#..#.#.#.#.###+.......
#.#..###.#.#^#.##........
#....##.#######.#...#....
##....≈.s@###.#...........
#.....≈.>s.#.#.......#....
##....≈...#.#.#...........
#.#..##.#.#####.#........
#..#####.###.#.##...P.###
#.#######.#.#^###......#
#..##.####.###.##.....###
#......##### ###......##(
#####...# #.........((


You could see a wolf spider and a redback.

Vanquished Creatures
  Harold (Lair:2)
  An entropy weaver (Spider:1)
  3 hydras
  Urug (Lair:2)
  Sonja (Lair:3)
  The ghost of parata the Slasher, a novice HOFi (D:7)
  The ghost of Gargoyl the Protected, a novice DsAK of Lugonu (D:8)
  An orb spider (Spider:1)
  3 black mambas
  7 spiny frogs
  2 komodo dragons
  A rime drake (Lair:2)
  6 jumping spiders
  A polar bear (Lair:3)
  5 blink frogs (Lair:3)
  Sigmund (D:3)
  5 redbacks
  23 yaks
  A wyvern (Lair:2)
  A basilisk (Lair:2)
  4 hippogriffs
  A steam dragon (Lair:2)
  4 vampire mosquitoes (D:8)
  Edmund (D:4)
  3 water moccasins
  3 porcupines
  2 hell hounds (D:8)
  An orc warrior (D:6)
  A black bear (D:8)
  3 ice beasts
  4 sky beasts
  2 phantoms
  9 wolves
  An ogre (D:7)
  2 centaurs
  8 crocodiles
  8 giant frogs
  Blork the orc (D:5)
  6 howler monkeys
  3 crimson imps
  4 hounds
  2 jellies (D:6)
  2 centaur zombies
  6 orc wizards
  An orc priest (D:4)
  Crazy Yiuf (D:3)
  A giant frog skeleton (D:7)
  Jessica (D:2)
  6 worker ants
  7 iguanas
  Natasha (twice) (D:2)
  5 sheep (Lair:3)
  Robin (D:2)
  4 gnolls
  10 adders
  27 river rats
  2 shadow imps
  3 adder skeletons
  2 dart slugs
  3 giant geckos
  17 orcs
  3 ball pythons
  6 giant cockroaches
  11 hobgoblins
  10 jackals
  2 quokkas
  8 bats
  4 giant newts
  12 goblins
  4 kobolds
  13 rats
  A butterfly (Lair:1)
  3 fungi
  5 plants
322 creatures vanquished.

Vanquished Creatures (others)
  6 fungi
6 creatures vanquished.

Grand Total: 328 creatures vanquished

Notes
Turn   | Place    | Note
--------------------------------------------------------------
     0 | D:1      | parata the Minotaur Berserker began the quest for the Orb.
     0 | D:1      | Reached XP level 1. HP: 19/19 MP: 0/0
    35 | D:1      | Reached XP level 2. HP: 27/27 MP: 1/1
    42 | D:1      | Reached skill level 4 in Axes
   321 | D:1      | Reached ** piety under Trog
   632 | D:2      | Reached XP level 3. HP: 25/33 MP: 2/2
   639 | D:2      | Noticed Robin
   647 | D:2      | Killed Robin
   973 | D:2      | Reached XP level 4. HP: 34/41 MP: 3/3
  1079 | D:2      | Noticed Natasha
  1085 | D:2      | Killed Natasha
  1085 | D:2      | Reached skill level 5 in Axes
  1412 | D:2      | Noticed Jessica
  1421 | D:2      | Killed Jessica
  1546 | D:2      | Noticed Natasha
  1555 | D:2      | Reached XP level 5. HP: 38/47 MP: 4/4
  1561 | D:2      | Killed Natasha
  1727 | D:2      | Found a blossoming altar of Fedhas.
  1804 | D:2      | Reached skill level 5 in Fighting
  2219 | D:3      | Noticed Sigmund
  2227 | D:3      | Killed Sigmund
  2227 | D:3      | Reached skill level 6 in Axes
  2227 | D:3      | Reached XP level 6. HP: 56/56 MP: 5/5
  2296 | D:3      | Reached *** piety under Trog
  2546 | D:3      | Noticed Crazy Yiuf
  2552 | D:3      | Killed Crazy Yiuf
  2722 | D:4      | Found a deep blue altar of Sif Muna.
  2956 | D:4      | Found an opulent altar of Gozag.
  3006 | D:4      | Found a staircase to the Ecumenical Temple.
  3059 | D:4      | Reached skill level 7 in Axes
  3059 | D:4      | Reached XP level 7. HP: 58/62 MP: 6/6
  3296 | D:4      | Noticed Edmund
  3308 | D:4      | Killed Edmund
  3308 | D:4      | Reached skill level 5 in Dodging
  3897 | D:4      | Found a burning altar of Makhleb.
  3898 | D:4      | Found a radiant altar of Vehumet.
  3987 | D:5      | Entered Level 5 of the Dungeon
  4148 | D:5      | Reached skill level 8 in Axes
  4454 | D:5      | Reached XP level 8. HP: 68/71 MP: 7/7
  4587 | D:5      | Noticed Blork the orc
  4597 | D:5      | Killed Blork the orc
  4643 | D:5      | Reached **** piety under Trog
  5045 | D:6      | Reached skill level 9 in Axes
  5045 | D:6      | Reached skill level 5 in Armour
  5335 | D:6      | Found a basalt altar of Yredelemnul.
  5486 | D:6      | Reached XP level 9. HP: 79/79 MP: 8/8
  5795 | D:6      | Gained mutation: You have sharp toenails. [potion of beneficial mutation]
  6202 | D:7      | Reached skill level 10 in Axes
  6331 | D:7      | Noticed parata's ghost (novice HOFi)
  6346 | D:7      | Killed parata's ghost
  6599 | D:7      | Found a shadowy altar of Dithmenos.
  6604 | D:7      | Found an oddly glowing altar of Pakellas.
  6829 | D:8      | Reached skill level 11 in Axes
  6851 | D:8      | Found a staircase to the Lair.
  7075 | D:8      | Reached XP level 10. HP: 73/88 MP: 9/9
  7249 | D:8      | Noticed Gargoyl's ghost (novice DsAK)
  7268 | D:8      | Killed Gargoyl's ghost
  7807 | D:8      | Reached skill level 10 in Armour
  7813 | D:8      | Found Amecis's Gadget Boutique.
  7840 | D:8      | Reached ***** piety under Trog
  8094 | Lair:1   | Entered Level 1 of the Lair of Beasts
  8141 | Lair:1   | Received a gift from Trog
  8204 | Lair:1   | Reached skill level 12 in Axes
  8314 | Lair:1   | Found a frozen archway.
  8518 | Lair:1   | Noticed a black mamba
  8525 | Lair:1   | Killed a black mamba
  8531 | Lair:1   | Noticed a spiny frog
  8539 | Lair:1   | Killed a spiny frog
  8539 | Lair:1   | Reached XP level 11. HP: 95/95 MP: 10/10
  8546 | Lair:1   | Reached skill level 13 in Axes
  9489 | Lair:1   | Identified a scroll of acquirement
  9492 | Lair:1   | Got a smoking crystal plate armour
  9641 | Lair:1   | Identified the +1 crystal plate armour of the Known World {rN+} (You acquired it on level 1 of the Lair of Beasts)
  9884 | Lair:2   | Received a gift from Trog
  9915 | Lair:2   | Noticed Harold
  9924 | Lair:2   | Killed Harold
 10284 | Lair:2   | Got a pair of twisted gloves
 10367 | Lair:2   | Identified the +2 pair of gloves of the Comet {rN+ Int+5 Dex-2} (You found it on level 2 of the Lair of Beasts)
 10428 | Lair:2   | Noticed a five-headed hydra
 10436 | Lair:2   | Killed a seven-headed hydra
 10623 | Lair:2   | Noticed Urug
 10629 | Lair:2   | Killed Urug
 10823 | Lair:2   | Reached skill level 10 in Fighting
 10975 | Lair:2   | Reached skill level 14 in Axes
 11627 | Lair:3   | Noticed Sonja
 11650 | Lair:3   | Reached XP level 12. HP: 106/106 MP: 11/11
 11731 | Lair:3   | Killed Sonja
 11908 | Lair:3   | Reached skill level 15 in Axes
 12072 | Lair:3   | Received a gift from Trog
 12586 | Lair:3   | Found a hole to the Spider Nest.
 13443 | Lair:3   | Noticed a seven-headed hydra
 13449 | Lair:3   | Killed an eight-headed hydra
 13890 | Lair:3   | Noticed an eight-headed hydra
 13897 | Lair:3   | Killed a 12-headed hydra
 14005 | Spider:1 | Entered Level 1 of the Spider Nest
 14010 | Spider:1 | Noticed an entropy weaver
 14013 | Spider:1 | Reached skill level 16 in Axes
 14022 | Spider:1 | Killed an entropy weaver
 14032 | Spider:1 | HP: 4/110 [redback (6)]
 14037 | Lair:3   | Slain by a wolf spider

Skill      XL: |  1  2  3  4  5  6  7  8  9 10 11 12 |
---------------+-------------------------------------+-----
Fighting       | 4 5 6 7 8 10 11 | 11.3
Axes           | 4 5 6 7 8 9 11 12 14 16 | 16.1
Dodging        | 3 4 5 6 7 8 9 |  9.8
Armour         | 3 4 6 8 11 12 | 12.9
Evocations     | |  0.1

Action                   |  1- 3 |  4- 6 |  7- 9 | 10-12 || total
-------------------------+-------+-------+-------+-------++-------
Melee: Hand axe          |    59 |    95 |   260 |   165 ||   579
       Headbutt          |     4 |    15 |    83 |    79 ||   181
       Kick              |       |       |    40 |   129 ||   169
       Executioner's axe |       |       |       |   169 ||   169
Invok: Berserk           |     2 |     4 |     6 |     9 ||    21
       Trog's Hand       |       |     1 |       |     1 ||     2
       Burn Spellbooks   |       |       |       |     1 ||     1
Evoke: Wand              |       |       |       |     2 ||     2
  Use: Scroll            |     3 |     5 |     9 |    10 ||    27
       Potion            |       |     4 |     5 |     8 ||    17
  Eat: Chunk             |     2 |     5 |    12 |    11 ||    30
       Meat ration       |       |     1 |     1 |       ||     2
       Fruit             |       |       |     1 |     4 ||     5
       Beef jerky        |       |       |     1 |     2 ||     3
       Pizza             |       |       |     1 |       ||     1
       Bread ration      |       |       |       |     3 ||     3
Armor: Animal skin       |    11 |    17 |     6 |       ||    34
       Scale mail        |       |       |    31 |       ||    31
       Chain mail        |       |       |    51 |    49 ||   100
       Crystal plate arm |       |       |       |   223 ||   223
Dodge: Dodged            |    41 |    56 |    99 |   190 ||   386
